 Dungeon Crawl Stone Soup version 0.29-a0-925-g0a7a3d12f8 (webtiles) character file.

Game seed: 11666280964258599693

5 Sobieck the Magician (level 1, -5/15 HPs)
             Began as a Djinni Conjurer on July 29, 2022.
             Frozen to death by an endoplasm (6 damage)
             ... on level 1 of the Dungeon.
             The game lasted 00:00:49 (865 turns).

Sobieck the Magician (Djinni Conjurer)               Turns: 865, Time: 00:00:49

Health: -5/15      AC:  2    Str:  6    XL:     1   Next: 88%
Gold:   16         EV: 16    Int: 19    God:
                   SH:  0    Dex: 11

rFire   + + .      SeeInvis .   f - +0 mace {mace}
rCold   x . .      Faith    .   (no shield)
rNeg    . . .      Spirit   .   a - +0 robe
rPois   ∞          Reflect  .   (no helmet)
rElec   .          Harm     .   (no cloak)
rCorr   .          Rampage  .   (no gloves)
Will    .....                   (boots unavailable)
Stlth   ++........              (no amulet)
HPRegen 0.05/turn               d - +4 ring of evasion
MPRegen 0.00/turn               (no ring)

@: flying
A: sickness immunity, fire resistance 2, cold vulnerability 1, float, innate
caster, HP casting, extra vitality 1
a: no special abilities


You were on level 1 of the Dungeon.
You visited 1 branch of the dungeon, and saw 2 of its levels.

You collected 16 gold pieces.


Innate Abilities, Weirdness & Mutations

You are immune to sickness and miasma.
You are immune to poison.
Your flesh is very heat resistant. (rF++)
You are vulnerable to cold. (rC-)
You float through the air rather than walking.
You learn spells naturally, not from books.
Your magical power is your life essence.
You have superior vitality. (+4 MHP)


   Skills:
 - Level 2.1 Dodging
 - Level 1.5 Stealth
 + Level 3.5 Spellcasting


You couldn't memorise any spells.
You knew the following spells:

 Your Spells              Type           Power      Damage    Failure   Level
a - Magic Dart            Conj           64%        1d6       3%          1
b - Searing Ray           Conj           32%        2d5       5%          2
c - Dazzling Flash        Conj/Hex       32%        N/A       11%         3
d - Fulminant Prism       Conj/Hex       8%         3d7       34%         4
e - Iskenderun's Mystic   Conj/Tloc      16%        2d5       34%         4
Your spell library was empty.

Inventory:

Hand Weapons
 f - a +0 mace (weapon) {mace}
   (You found it on level 1 of the Dungeon)
Missiles
 c - 5 stones {throwing}
Armour
 a - a +0 robe (worn)
 g - a +0 leather armour
   (You found it on level 1 of the Dungeon)
 j - a +0 ring mail
   (You found it on level 1 of the Dungeon)
Jewellery
 d - a +4 ring of evasion (left hand)
   (You found it on level 1 of the Dungeon)
Scrolls
 b - a scroll of amnesia {unknown}
 e - a scroll of identify {unknown}
 h - a scroll of silence {unknown}
Potions
 i - a potion of mutation {unknown}

Dungeon Overview and Level Annotations

Branches:
Dungeon (2/15) Zot: 11134

Altars:

...........# #............#...#.#
...........###.............#.#...
........................#...#....
.............#...........#..#....
.......#.....#........#...###....
.............#.##.###..#..#..#...
.##............##.###...###...#.#
......##.......##.##...#...#...#.
...............J@.....#.....#..#.
#.....#..#.#.#.######........####
......#..#.#.#.#####..#.....#..#.
.....##..#.......†.....#...#...#.
#..........#.#.######...###...#.#
.........###......# #..#..#..#...
.........# ######## #.#...###....
#...#################....#..#....
#.......................#...#....


You could see an endoplasm.


Message History

Danger!
The magic dart hits the ball python.
The ball python hisses angrily.
The magic dart hits the ball python.
You kill the ball python!
Okay, then.
f - a +0 mace (weapon)
{mace}
h - a scroll labelled TOF IXUFEXIGI
Found a stone staircase leading down.
Unknown command.
A frilled lizard comes into view.
Danger!
The magic dart hits the frilled lizard.
You kill the frilled lizard!
You can't see any susceptible monsters within range! (Use Z to cast anyway.)
You can't see any susceptible monsters within range! (Use Z to cast anyway.)
There is a stone staircase leading down here.
i - a fuming sapphire potion Unknown command.
A bat comes into view.
Danger!
The magic dart hits the bat.
You kill the bat!
You can't see any susceptible monsters within range! (Use Z to cast anyway.)
You can't see any susceptible monsters within range! (Use Z to cast anyway.)
A goblin comes into view. It is wielding a +0 dagger.
Danger!
The magic dart hits the goblin.
The goblin shouts!
The magic dart hits the goblin.
You kill the goblin!
A giant cockroach comes into view.
Danger!
The magic dart hits the giant cockroach.
The magic dart hits the giant cockroach.
The magic dart hits the giant cockroach.
You kill the giant cockroach!
You can't see any susceptible monsters within range! (Use Z to cast anyway.)
j - a +0 ring mail The book of Vapours burns to shimmering ash in your grasp.
Unknown command.
Found an escape hatch in the floor.
Unknown command.
A frilled lizard comes into view.
The frilled lizard hisses angrily.
Danger!
The magic dart hits the frilled lizard.
The magic dart hits the frilled lizard.
You kill the frilled lizard!
Found a stone staircase leading down.
You can't see any susceptible monsters within range! (Use Z to cast anyway.)
You now have 16 gold pieces (gained 3).
You see here a +0 dagger {short}.
You see here a +0 dagger {short}.
Done exploring.
Saving game... please wait. 🤖 Initializing magus.rc ...
Options error: Bad monster_list_colour key: strict_neutral (~/.crawlrc:4811) Bad channel name for runrest: 'pray:' ✅ Successfully initialized magus_sobieck.rc [v0.0.2] Welcome back, Sobieck the Djinni Conjurer.
Press ? for a list of commands and other information.
Unknown command.
Unknown command.
There is an escape hatch in the floor here.
There is a stone staircase leading down here.
You fly downwards.
There is a stone staircase leading up here.
Danger!
Unknown command.
The ball python hisses angrily.
The endoplasm freezes you.
You are frozen.
You feel a terrible chill!
You fly upwards.
There is a stone staircase leading down here.
Cast which spell? (? or * to list)
You aren't experienced enough to cast this spell.
The endoplasm misses you.
Cast which spell? (? or * to list)
You don't know that spell.
Unknown command.
Unknown command.
Unknown command.
Cast which spell? (? or * to list)
Aiming: Magic Dart (safe; 3% risk of failure)
Press: ? - help, Shift-Dir - straight line, f - endoplasm
Aim: an endoplasm (100% to hit)
The magic dart hits the endoplasm.
The endoplasm freezes you.
You are frozen!
You feel a terrible chill!
* * * LOW HITPOINT WARNING * * *
Casting: Magic Dart (safe; 3% risk of failure)
Confirm with . or Enter, or press ? or * to list all spells.
You don't have enough health to cast this spell.
The endoplasm freezes you.
You are frozen.
You feel a terrible chill!
You die...

Action                   || total
-------------------------++-------
 Cast: Magic Dart        ||    12
Dodge: Dodged            ||     1

Levels and vault maps discovered:
D:1:      minmay_arrival_radiant_lines, layout_basic, minivault_19,
          minmay_splitting_lines, minmay_misc_feat_tiny
D:2:      layout_loops_ring, basic_altar

Notes
Turn   | Place    | Note
-------+----------+-------------------------------------------
     0 | D:1      | Sobieck the Djinni Conjurer began the quest for the Orb.
     0 | D:1      | Sobieck set off with the following spells memorised: Magic
                  | Dart, Searing Ray, Dazzling Flash, Fulminant Prism,
                  | Iskenderun's Mystic Blast.
     0 | D:1      | Reached XP level 1. HP: 15/15 MP: 0/0
   864 | D:1      | HP: 1/15 [frozen (7)]
   865 | D:1      | Frozen to death by an endoplasm

Vanquished Creatures
  A giant cockroach (D:1)
  A goblin (D:1)
  A ball python (D:1)
  A bat (D:1)
  2 frilled lizards (D:1)
6 creatures vanquished.

Table legend:
 A = Non-vault XP
 B = Vault XP
 C = Vault XP percentage of total XP
 D = Non-vault monster count
 E = Vault monster count
 F = Vault count percentage of total count
                 A         B        C        D         E       F
            +---------+---------+-------+---------+---------+-------
      Total |       8 |       0 |   0.0 |       6 |       0 |   0.0
            +---------+---------+-------+---------+---------+-------
        D:1 |       8 |       0 |   0.0 |       6 |       0 |   0.0
            +---------+---------+-------+---------+---------+-------

Illustrated notes

Table legend:
 A = Kills in this place as a percentage of kills in entire the game.
 B = Kills by you in this place as a percentage of kills by you in the entire game.
 C = Kills by friends in this place as a percentage of kills by friends in the entire game.
 D = Other kills in this place as a percentage of other kills in the entire game.
 E = Experience gained in this place as a percentage of experience gained in the entire game.
 F = Experience gained in this place divided by the number of levels of this place that you have seen.
                   A       B       C       D       E      F
               +-------+-------+-------+-------+-------+----------------------
         Total | 100.0 | 100.0 |   N/A |   N/A | 100.0 |   4.0
       Dungeon | 100.0 | 100.0 |   N/A |   N/A | 100.0 |   4.0
               +-------+-------+-------+-------+-------+----------------------

Table legend: (Time is in decaauts)
 A = Elapsed time spent in this place.
 B = Non-inter-level travel time spent in this place.
 C = Inter-level travel time spent in this place.
 D = Time resting spent in this place.
 E = Time spent auto-exploring this place.
 F = Levels seen in this place.
 G = Mean time per level.
                   A        B        C        D        E       F      G
               +--------+--------+--------+--------+--------+-----+--------+
         Total |    864 |    812 |     52 |      0 |    777 |   2 |  432.0 |
       Dungeon |    864 |    812 |     52 |      0 |    777 |   2 |  432.0 |
               +--------+--------+--------+--------+--------+-----+--------+

Top non-repeatable levels by time:
     D:1: 862 daAuts
     D:2: 1 daAuts
